 Dungeon Crawl Stone Soup version 0.31-a0-981-geadf994542 (webtiles) character file.

Game seed: 18121057025387541371

73 Dirtsage the Insei (level 4, -3/29 HPs)
             Began as an Octopode Shapeshifter on Oct 31, 2023.
             Slain by an orc
             ... wielding a +0 trident
              (5 damage)
             ... on level 3 of the Dungeon.
             The game lasted 00:02:37 (1257 turns).

Dirtsage the Insei (Octopode Shapeshifter)          Turns: 1257, Time: 00:02:37

Health: -3/29      AC:  1    Str: 13    XL:     4   Next: 27%
Magic:  4/4        EV: 13    Int: 12    God:
Gold:   57         SH:  5    Dex: 16    Spells: 3/3 levels left

rFire   . .          .
                       - Unarmed
rCold   . . .        (no shield)
rNeg    + . .        (helmet currently unavailable)
rPois   .            f - amulet of reflection
rElec   .            i - ring "Ycrenoer" {rN+ Dex+3}
rCorr   .            (no ring)
SInv    .            (no ring)
Will    .....        (no ring)
Stlth   ++           (no ring)
HPRegen 0.24/turn    (no ring)
MPRegen 0.09/turn    (no ring)
                     (no ring)

%: reflection
@: beast-form, attractive
A: beast (slay +2), almost no armour, amphibious, 8 rings, camouflage 1,
gelatinous body 1, (nimble swimmer 1), tentacles
a: Begin Untransformation


You were on level 3 of the Dungeon.
You were a hulking beast.
You visited 1 branch of the dungeon, and saw 3 of its levels.

You collected 57 gold pieces.

Inventory:

Magical Staves
 g - a staff of fire
Jewellery
 f - an amulet of reflection (around mantle)
 i - the ring "Ycrenoer" (left tentacle) {rN+ Dex+3}
   (You found it on level 2 of the Dungeon)

   [ring of positive energy]

   Dex+3:     It affects your dexterity (+3).
   rN+:       It protects you from negative energy.
 l - a +6 ring of intelligence
Talismans
 b - a beast talisman
 c - a flux talisman
Scrolls
 e - a scroll of torment {unknown}
 j - a scroll of enchant weapon {unknown}
 k - 2 scrolls of identify {unknown}
 m - a scroll of amnesia {unknown}
 n - a scroll of immolation {unknown}
Potions
 a - a potion of lignification
 h - a potion of heal wounds {unknown}


   Skills:
 + Level 1.9 Fighting
 - Level 2.0 Dodging
 * Level 3.9 Unarmed Combat
 * Level 3.7 Shapeshifting


You had 3 spell levels left.
You didn't know any spells.
Your spell library was empty.

Dungeon Overview and Level Annotations

Branches:
Dungeon (3/15)

Altars:

Annotations:
D:1 Digging vault


Innate Abilities, Weirdness & Mutations

You are a hulking beast.
Your limbs bulge with bestial killing power. (Slay +2)
You cannot wear most types of armour.
You are amphibious.
You can wear up to eight rings at the same time.
Your skin changes colour to match your surroundings (Stealth+).
Your rubbery body absorbs attacks. (AC +1, EV +1)
((You are camouflaged when in or above water. (Stealth+)))
You have tentacles for arms and can constrict up to eight enemies at once.


Message History

You take 7 damage, and have 21/29 hp.
MASSIVE DAMAGE!!
You closely miss the orc. Your grab misses the orc.
Your squeeze misses the orc. You block the orc's attack.
You closely miss the orc. You grab the orc. You squeeze the orc!
You kill the orc!
You tentacle-slap the orc. Your grab misses the orc.
The orc is almost dead.
The orc closely misses you.
You tentacle-slap the orc but do no damage.
Your grab misses the orc. Your squeeze misses the orc.
The orc is almost dead.
The orc completely misses you.
You tentacle-slap the orc.
You kill the orc!
You closely miss the orc. You grab the orc.
You constrict the orc, but do no damage.
The orc closely misses you. The orc barely misses you.
You tentacle-slap the orc.
The orc is severely wounded.
You constrict the orc. The orc hits you with a +0 flail!
You block the orc's attack.
You take 7 damage, and have 15/29 hp.
MASSIVE DAMAGE!!
You barely miss the orc.
The orc is almost dead.
You constrict the orc, but do no damage.
The orc hits you with a +0 flail!
* * * LOW HITPOINT WARNING * * *
The orc hits you from afar with a +0 trident!
* * * LOW HITPOINT WARNING * * *
You take 14 damage, and have 1/29 hp.
MASSIVE DAMAGE!!
You tentacle-slap the orc.
You kill the orc!
You block the orc's attack.
It was a potion of attraction.
You feel attractive to monsters. The orc closely misses you.
The orc is attracted toward you. x2
You barely miss the orc. You grab the orc.
You constrict the orc, but do no damage.
The orc hits you with a +0 trident.
You die...

..# ..# ..# ..#
..# ##..# #.).#
#h# #o# #
#######o#.###
#.....§o..?.#
.....o.......#
...K..........#
.....)........#
..............#
$.............#


You could see 3 orcs.

Vanquished Creatures
  An adder (D:2)
  A dart slug (D:1)
  6 orcs (D:3)
  2 bats (D:1)
  An endoplasm (D:3)
  4 giant cockroaches
  5 goblins
  5 hobgoblins
  2 quokkas
  3 ball pythons
  4 frilled lizards
  5 kobolds
  20 rats
59 creatures vanquished.

Notes
Turn   | Place    | Note
-------+----------+-------------------------------------------
     0 | D:1      | Dirtsage the Octopode Shapeshifter began the quest for the
                  | Orb.
     0 | D:1      | Reached XP level 1. HP: 13/13 MP: 1/1
    69 | D:1      | Reached XP level 2. HP: 18/18 MP: 2/2
   202 | D:1      | Digging vault
   676 | D:2      | Reached XP level 3. HP: 19/23 MP: 3/3
   697 | D:2      | Identified the ring "Ycrenoer" {rN+ Dex+3}
  1168 | D:2      | Reached XP level 4. HP: 21/29 MP: 4/4
  1254 | D:3      | HP: 1/29 [orc/+0 trident (7)]
  1257 | D:3      | Slain by an orc

Illustrated notes

. .# . .#####.
.#...... #.....#
+.....# #
###.....#
#..#.......#
#....h.....#
#..#.#.....######
.g.
...#........... .
..##.#...........
## ###.....#####.
#.....#S$[#.
#.....#=$$#.
####..#)$$#.....#
###..#####.....


Turn 202 on D:1: Digging vault

Levels and vault maps discovered:
D:1:      lightli_iron_boxes, layout_basic, st_stairs_7, due_unseen_surprise
D:2:      wander_river, layout_rooms, minmay_rat_hole
D:3:      layout_rooms, lemuel_doored_altar, uniq_natasha, uniq_ijyb,
          uniq_sigmund, uniq_jessica

Action                     |  1- 3 |  4- 6 || total
---------------------------+-------+-------++-------
  Melee: Unarmed           |    86 |    22 ||   108
         Constrict         |    28 |     4 ||    32
         Tentacles         |     9 |     5 ||    14
         Punch             |     4 |       ||     4
    Use: Potion            |       |     1 ||     1
   Stab: Sleeping          |     5 |       ||     5
 Armour: Skin              |    27 |     8 ||    35
  Dodge: Dodged            |    45 |    13 ||    58
  Block: Other             |    10 |     7 ||    17
         Reflection        |     2 |       ||     2

Table legend: (Time is in decaauts)
 A = Elapsed time spent in this place.
 B = Non-inter-level travel time spent in this place.
 C = Inter-level travel time spent in this place.
 D = Time resting spent in this place.
 E = Time spent auto-exploring this place.
 F = Levels seen in this place.
 G = Mean time per level.
                   A        B        C        D        E       F      G
               +--------+--------+--------+--------+--------+-----+--------+
         Total |   1247 |   1212 |     35 |      0 |    958 |   3 |  415.7 |
       Dungeon |   1247 |   1212 |     35 |      0 |    958 |   3 |  415.7 |
               +--------+--------+--------+--------+--------+-----+--------+

Top non-repeatable levels by time:
     D:1: 667 daAuts
     D:2: 553 daAuts
     D:3: 27 daAuts
